 Dungeon Crawl Stone Soup version 0.28.0 (webtiles) character file.

Game seed: 5694586829562164769

5883 freelancePsychic the Cleaver (level 10, -1/139 HPs)
             Began as a Minotaur Berserker on Feb 12, 2022.
             Was a Priest of Trog.
             Slain by a troll (8 damage)
             ... on level 9 of the Dungeon.
             The game lasted 00:10:26 (9647 turns).

freelancePsychic the Cleaver (Minotaur Berserker)   Turns: 9647, Time: 00:10:27

Health: -1/139     AC:  9    Str: 22    XL:     10   Next: 52%
Magic:  9/9        EV: 11    Int:  4    God:    Trog [***...]
Gold:   415        SH:  5    Dex: 14    Spells: 9/9 levels left

rFire   + . .      SeeInvis .   a - +2 hand axe (freeze)
rCold   . . .      Faith    .   (no shield)
rNeg    . . .      Spirit   .   b - +2 ring mail {rPois}
rPois   +          Reflect  +   (helmet restricted)
rElec   +          Harm     .   (no cloak)
rCorr   .          Rampage  .   (no gloves)
Will    +....                   (no boots)
Stlth   ..........              k - amulet of reflection
HPRegen 0.33/turn               y - ring of the Okapi {rElec rF+ Will+ Slay+2}
MPRegen 0.11/turn               (no ring)

@: berserking, studying Slings, very quick
A: horns 2, retaliatory headbutt
a: Renounce Religion, Berserk, Trog's Hand


You were on level 9 of the Dungeon.
You worshipped Trog.
Trog was most pleased with you.
You visited 1 branch of the dungeon, and saw 9 of its levels.
You also visited: Ossuary.

You collected 485 gold pieces.
You spent 70 gold pieces at shops.

Inventory:

Hand Weapons
 a - a +2 hand axe of freezing (weapon)
 w - the +10 dagger "Uhamiarr" {spect, Fragile rElec rC+++}
   (You found it on level 5 of the Dungeon)

   When its wielder attacks, the weapon's spirit leaps out and strikes again.
   The spirit shares a part of any damage it takes with its wielder.
   rC:        It renders you almost immune to cold.
   rElec:     It insulates you from electricity.
   Fragile:   It will be destroyed if unequipped.
Missiles
 D - 4 throwing nets (quivered)
Armour
 b - a +2 ring mail of poison resistance (worn)
Jewellery
 k - an amulet of reflection (around neck)
 y - the ring of the Okapi (left hand) {rElec rF+ Will+ Slay+2}
   (You found it on level 8 of the Dungeon)

   [ring of protection from fire]

   Slay:      It affects your accuracy & damage with ranged weapons and melee
   (+2).
   rF:        It protects you from fire.
   rElec:     It insulates you from electricity.
   Will:      It increases your willpower.
 G - a ring of ice
Wands
 s - a wand of flame (21)
Scrolls
 c - 5 scrolls of blinking {unknown}
 e - 6 scrolls of identify {unknown}
 f - a scroll of vulnerability {unknown}
 g - 3 scrolls of teleportation {unknown}
 n - 2 scrolls of enchant weapon {unknown}
 t - a scroll of summoning {unknown}
 v - a scroll of silence {unknown}
 x - a scroll of amnesia {unknown}
 B - a scroll of magic mapping {unknown}
 C - a scroll of acquirement {unknown}
 F - a scroll of immolation {unknown}
Potions
 d - 5 potions of haste {unknown}
 h - a potion of lignification {unknown}
 i - 8 potions of curing {@q1}
 j - 5 potions of heal wounds {unknown}
 l - 3 potions of brilliance {unknown}
 m - 3 potions of ambrosia {unknown}
 o - a potion of berserk rage {unknown}
 p - 2 potions of flight {unknown}
 q - 3 potions of invisibility {unknown}
 r - a potion of attraction {unknown}
 u - 3 potions of mutation {unknown}
 z - a potion of degeneration {unknown}
 A - a potion of cancellation {unknown}
 E - a potion of might


   Skills:
 + Level 10.2 Fighting
 * Level 13.7 Axes
 + Level 9.8 Armour
 - Level 2.1 Dodging


You had 9 spell levels left.
You didn't know any spells.
Your spell library was empty.

Dungeon Overview and Level Annotations

Branches:
Dungeon (9/15)             Temple (0/1) D:6             Orc (0/2) D:9
Ossuary (visited)
   Lair: D:8-11

Altars:
Ashenzari
Fedhas
Kikubaaqudgha
Makhleb
Uskayaw
Vehumet
Wu Jian
Yredelemnul
Zin
The Shining One

Shops:
D:9 !

Annotations:
D:6 2 transporters


Innate Abilities, Weirdness & Mutations

You have a pair of horns on your head.
You reflexively headbutt those who attack you in melee.


Message History

You are too injured to fight recklessly!
You are too injured to fight recklessly!
You are too injured to fight recklessly!
You are too injured to fight recklessly!
You are too injured to fight recklessly!
You are too injured to fight recklessly!
You are too injured to fight recklessly!
You are too injured to fight recklessly!
You are too injured to fight recklessly!
You are too injured to fight recklessly!
You are too injured to fight recklessly!
You are too injured to fight recklessly!
You are too injured to fight recklessly!
You are too injured to fight recklessly!
You are too injured to fight recklessly!
You are too injured to fight recklessly!
You are too injured to fight recklessly!
You are too injured to fight recklessly!
You are too injured to fight recklessly!
A red film seems to cover your vision as you go berserk!
You feel yourself moving faster!
You feel mighty! The troll bites you but does no damage. The troll claws you!
* * * LOW HITPOINT WARNING * * *
The troll barely misses you. The two-headed ogre barely misses you.
You furiously retaliate!
You headbutt the two-headed ogre!
The two-headed ogre hits you with a +0 giant club!
* * * LOW HITPOINT WARNING * * *
You slash the two-headed ogre! You freeze the two-headed ogre.
Your headbutt misses the two-headed ogre.
The two-headed ogre is heavily wounded.
You hit the troll. You freeze the troll. You slash the two-headed ogre!
You freeze the two-headed ogre.
Your headbutt misses the two-headed ogre.
The two-headed ogre is severely wounded.
You closely miss the troll. The troll bites you!
* * * LOW HITPOINT WARNING * * *
The troll claws you.
* * * LOW HITPOINT WARNING * * *
The troll claws you!
You die...

#.#.#.#.#.#.##
#.# #.#
#.###.# .#
#.#.#.#.#.##
#.# #.# #.##
.# #.#.#.#.##
#.# #.###?# .#
#.#.#)##
#.###T## #.#
#@#)# #.#
#O###T# .# #.#
## #.# #.# #.#
#.# )#


You could see a two-headed ogre and a troll.

Vanquished Creatures
  Harold (D:8)
  A two-headed ogre (D:9)
  An ugly thing (D:9)
  Prince Ribbit (D:5)
  A yak (D:9)
  Eustachio (D:5)
  Grum (D:8)
  A steam dragon (D:9)
  Edmund (D:5)
  A water moccasin (D:6)
  An ice beast (D:6)
  A necrophage (D:6)
  A black bear (D:8)
  An ogre (D:6)
  3 wolves (D:8)
  2 centaurs (D:9)
  4 bullfrogs
  3 kobold brigands (D:9)
  A gnoll sergeant (D:5)
  2 wyvern zombies
  2 scorpions
  3 elf skeletons (D:8)
  7 killer bees
  3 wights (D:8)
  2 howler monkeys
  5 centaur zombies
  3 hounds
  2 human zombies
  2 bullfrog zombies
  4 orc priests
  2 gnoll shamans (D:6)
  3 jellies
  Ijyb (D:5)
  2 iguanas (D:4)
  4 orc wizards
  A hound skeleton (D:4)
  2 mummies (Ossuary)
  15 gnolls
  2 howler monkey zombies (D:8)
  7 adders
  A white imp (D:6)
  An adder zombie (Ossuary)
  An adder skeleton (D:4)
  2 worms
  2 dart slugs
  22 orcs
  2 bats (D:3)
  6 endoplasms
  4 giant cockroaches
  5 goblins
  6 hobgoblins
  5 kobolds
  3 quokkas
  3 ball pythons
  5 frilled lizards
  A goblin zombie (Ossuary)
  A hobgoblin zombie (Ossuary)
  A jackal zombie (Ossuary)
  2 kobold zombies (Ossuary)
  2 orc skeletons (D:8)
  A quokka zombie (Ossuary)
  3 rats (D:1)
  A rat zombie (Ossuary)
181 creatures vanquished.

Vanquished Creatures (others)
  7 plants (D:5)
7 creatures vanquished.

Grand Total: 188 creatures vanquished

Notes
Turn   | Place    | Note
-------+----------+-------------------------------------------
     0 | D:1      | freelancePsychic the Minotaur Berserker began the quest for
                  | the Orb.
     0 | D:1      | Reached XP level 1. HP: 19/19 MP: 0/0
   127 | D:1      | Reached skill level 4 in Axes
   172 | D:1      | Reached XP level 2. HP: 27/27 MP: 1/1
  1157 | D:2      | Found a glowing silver altar of Zin.
  1181 | D:2      | Reached XP level 3. HP: 31/33 MP: 2/2
  2270 | D:3      | Reached skill level 5 in Axes
  2270 | D:3      | Reached XP level 4. HP: 26/41 MP: 3/3
  2691 | D:3      | Reached ** piety under Trog
  3154 | D:3      | Reached XP level 5. HP: 47/47 MP: 4/4
  3255 | D:3      | Found a radiant altar of Vehumet.
  3416 | D:4      | Reached skill level 6 in Axes
  3994 | D:4      | Reached skill level 5 in Fighting
  4011 | D:4      | Reached XP level 6. HP: 47/56 MP: 5/5
  4635 | D:4      | Reached skill level 7 in Axes
  4824 | D:5      | Entered Level 5 of the Dungeon
  4831 | D:5      | Noticed Prince Ribbit
  4835 | D:5      | Found a burning altar of Makhleb.
  4855 | D:5      | Killed Prince Ribbit
  4856 | D:5      | Reached skill level 5 in Armour
  4856 | D:5      | Reached XP level 7. HP: 49/63 MP: 6/6
  4934 | D:5      | Noticed Ijyb
  4943 | D:5      | Killed Ijyb
  5087 | D:5      | Noticed Eustachio
  5120 | D:5      | Killed Eustachio
  5121 | D:5      | Reached skill level 8 in Axes
  5504 | D:5      | Found a blossoming altar of Fedhas.
  5620 | D:5      | Reached XP level 8. HP: 54/71 MP: 7/7
  5832 | D:5      | Noticed Edmund
  5838 | D:5      | Killed Edmund
  5839 | D:5      | Reached skill level 9 in Axes
  5980 | D:5      | Identified the +10 dagger "Uhamiarr" {spect, Fragile rElec
                  | rC+++}
  6475 | D:6      | Found a staircase to the Ecumenical Temple.
  6630 | D:6      | Reached skill level 10 in Axes
  6715 | D:6      | Found a transporter.
  6718 | D:6      | Found a transporter.
  7362 | D:7      | Reached XP level 9. HP: 74/81 MP: 8/8
  7476 | D:7      | Found a hide-covered altar of Uskayaw.
  7476 | D:7      | Found a broken altar of Ashenzari.
  7483 | D:7      | Found an ancient bone altar of Kikubaaqudgha.
  7486 | D:7      | Found a glowing golden altar of the Shining One.
  7490 | D:7      | Found an ornate altar of the Wu Jian Council.
  7500 | D:7      | Found a basalt altar of Yredelemnul.
  7661 | D:7      | Reached *** piety under Trog
  8013 | D:8      | Reached skill level 11 in Axes
  8014 | D:8      | Found a sand-covered staircase.
  8029 | Ossuary  | Entered an ossuary
  8313 | D:8      | Identified the ring of the Okapi {rElec rF+ Will+ Slay+2}
  8724 | D:8      | Noticed Harold
  8746 | D:8      | Killed Harold
  8747 | D:8      | Reached skill level 12 in Axes
  8801 | D:8      | Noticed Grum
  8814 | D:8      | Killed Grum
  8954 | D:8      | Reached XP level 10. HP: 81/89 MP: 9/9
  9118 | D:9      | Found Qissecs's Distillery.
  9124 | D:9      | Found a staircase to the Orcish Mines.
  9126 | D:9      | Bought a potion of might for 40 gold pieces
  9126 | D:9      | Bought a potion of curing for 30 gold pieces
  9139 | D:9      | Noticed a two-headed ogre
  9150 | D:9      | Killed a two-headed ogre
  9151 | D:9      | Reached skill level 13 in Axes
  9525 | D:9      | Reached skill level 10 in Fighting
  9525 | D:9      | Noticed a purple ugly thing
  9540 | D:9      | Killed a purple ugly thing
  9637 | D:9      | Noticed a two-headed ogre
  9647 | D:9      | Slain by a troll

Illustrated notes

Levels and vault maps discovered:
D:1:      dpeg_arrival_tiny_g, layout_basic, serial_park_tiny_pond,
          grunt_decor_cap
D:2:      layout_basic, basic_altar
D:3:      layout_basic, general_overflow_altar, chequers_serial_rivers_micro_d,
          grunt_decor_arrowhead, minmay_misc_feat_columns
D:4:      layout_basic, minmay_manual_mess
D:5:      layout_basic, mainiacjoe_overflow_cross_hatched,
          mainiacjoe_overflow_small_starburst, uniq_edmund, uniq_prince_ribbit1,
          uniq_eustachio, uniq_ijyb
D:6:      gammafunk_steamed_eel, layout_loops_ring, minmay_temple_entry_waves,
          kennysheep_path_1, minmay_fountain_box
D:7:      layout_gridville, nicolae_overflow_hallway_of_the_gods
D:8:      layout_basic, nicolae_ossuary_entry_catacombs, uniq_harold, uniq_grum
D:9:      minmay_imperfect_grid, layout_basic, orc_0_dummy, serial_shops,
          nicolae_shop_advertising_works [nicolae_subvault_shop_adworks]

Skill      XL: |  1  2  3  4  5  6  7  8  9 10 |
---------------+-------------------------------+-----
Axes           | 4 5 6 7 8 10 12 13 | 13.7
Fighting       | 4 5 6 7 9 10 | 10.2
Armour         | 3 4 5 6 7 9 |  9.8
Dodging        | |  2.1

Action                   |  1- 3 |  4- 6 |  7- 9 | 10-12 || total
-------------------------+-------+-------+-------+-------++-------
Melee: Hand axe          |   111 |   109 |   269 |    64 ||   553
       Headbutt          |    13 |    15 |    60 |    13 ||   101
       Punch             |       |     1 |     3 |     3 ||     7
Invok: Berserk           |     2 |     5 |     5 |     3 ||    15
       Trog's Hand       |       |       |     2 |     1 ||     3
Evoke: Wand              |       |       |     2 |       ||     2
 Stab: Sleeping          |     2 |       |       |       ||     2
       Distracted        |     1 |       |       |       ||     1
Armor: Animal skin       |    11 |     9 |       |       ||    20
       Ring mail         |       |     9 |    70 |     8 ||    87
Dodge: Dodged            |    58 |    56 |    66 |    23 ||   203
Block: Other             |    10 |    12 |    41 |    11 ||    74
       Reflection        |       |       |       |     1 ||     1
